 Dungeon Crawl Stone Soup version 0.22-a0-430-g6609fc6 (webtiles) character file.

219 DrEnzyme the Cutter (level 5, -1/41 HPs)
             Began as a Gnoll Wanderer on May 25, 2018.
             Killed by divine providence
             ... invoked by an orc priest
              (15 damage)
             ... on level 3 of the Dungeon.
             The game lasted 00:06:41 (2108 turns).

DrEnzyme the Cutter (Gnoll Wanderer)                Turns: 2108, Time: 00:06:42

Health: -1/41      AC: 10    Str: 12    XL:     5   Next: 96%
Magic:  7/7        EV:  9    Int: 15    God:
Gold:   156        SH:  0    Dex: 17    Spells: 7/7 levels left

rFire    . . .     SeeInvis .   a - +1 short sword (speed)
rCold    . . .     Gourm    .   (no shield)
rNeg     . . .     Faith    .   c - +2 scale mail
rPois    .         Spirit   .   (no helmet)
rElec    .         Reflect  .   t - +0 cloak
rCorr    .         Harm     .   (no gloves)
MR       .....                  (no boots)
Stlth    +.........             (no amulet)
HPRegen  0.13/turn              (no ring)
MPRegen  0.10/turn              (no ring)

@: no status effects
A: distributed training, fangs 1, strong nose
a: no special abilities


You were on level 3 of the Dungeon.
You were not hungry.

You visited 1 branch of the dungeon, and saw 3 of its levels.

You collected 156 gold pieces.

Inventory:

Hand Weapons
 a - a +1 short sword of speed (weapon)
 b - a +0 blowgun
 g - a +2 quarterstaff of chaos
 h - a +0 dagger
 u - a +2 mace of venom
Missiles
 i - 15 poisoned needles
Armour
 c - a +2 scale mail (worn)
 o - a +0 ring mail
 t - a +0 cloak (worn)
 v - a +0 plate armour
Scrolls
 k - a scroll of remove curse
 l - 2 scrolls of amnesia {unknown}
 m - a scroll of magic mapping {unknown}
 p - 2 scrolls of enchant weapon {unknown}
 q - a scroll of fog {unknown}
 s - a scroll of immolation
Potions
 d - 2 potions of curing
 j - a potion of lignification
 n - a potion of heal wounds {unknown}
 r - a potion of invisibility {unknown}
Comestibles
 f - 4 rations


   Skills:
 + Level 3.1 Fighting
 + Level 6.7 Short Blades
 + Level 1.6 Long Blades
 + Level 1.6 Axes
 + Level 1.6 Maces & Flails
 + Level 1.6 Polearms
 + Level 1.6 Staves
 + Level 1.6 Slings
 + Level 1.6 Bows
 + Level 3.1 Crossbows
 + Level 3.1 Throwing
 + Level 4.8 Armour
 + Level 1.6 Dodging
 + Level 2.9 Stealth
 + Level 3.1 Shields
 + Level 1.6 Unarmed Combat
 + Level 1.6 Spellcasting
 + Level 1.3 Conjurations
 + Level 1.3 Hexes
 + Level 1.3 Charms
 + Level 1.3 Summonings
 + Level 1.3 Necromancy
 + Level 1.3 Translocations
 + Level 1.3 Transmutations
 + Level 1.3 Fire Magic
 + Level 1.3 Ice Magic
 + Level 1.3 Air Magic
 + Level 1.3 Earth Magic
 + Level 1.3 Poison Magic
 + Level 1.9 Invocations
 + Level 1.6 Evocations


You had 7 spell levels left.
You didn't know any spells.
Your spell library was empty.

Dungeon Overview and Level Annotations

Branches:
Dungeon (3/15)

Altars:


Innate Abilities, Weirdness & Mutations

Your experience applies equally to all skills.
You have very sharp teeth.
Your uncanny sense of smell can sniff out nearby items.


Message History

Okay, then.
The orc misses you.
The orc priest calls down the wrath of Beogh upon you.
Beogh smites you!
You closely miss the orc. The orc closely misses you.
A goblin comes into view. It is wielding a club.
You hit the orc. You bite the orc.
The orc is almost dead.
You hit the orc.
The orc explodes!
The fiery explosion engulfs you!
The fiery explosion engulfs the orc.
You kill the orc!
The fiery explosion engulfs the orc priest.
The orc priest explodes!
The fiery explosion engulfs the orc.
You kill the orc!
You are engulfed in blazing flames.
The orc priest invokes the aid of Beogh against you.
Beogh smites you!
You die...

# #. .### #
..####.#g#
.#
#..§§§....
..
#.§§§§.o..
#.###.@#
#......#
###.##.###.#
#..<.....#
####.#####
#.# #.# #..
###


You could see an orc priest and a goblin.

Vanquished Creatures
  A centaur zombie (D:2)
  A crimson imp (D:2)
  An orc priest (D:3)
  Crazy Yiuf (D:2)
  2 adders (D:2)
  3 oozes (D:2)
  2 leopard geckos
  3 orcs (D:3)
  2 ball pythons
  3 giant cockroaches
  4 goblins
  9 hobgoblins
  6 jackals
  4 kobolds
  A quokka (D:2)
  6 bats
  2 frilled lizards (D:1)
  9 rats
60 creatures vanquished.

Notes
Turn   | Place    | Note
-------+----------+-------------------------------------------
     0 | D:1      | DrEnzyme the Gnoll Wanderer began the quest for the Orb.
     0 | D:1      | DrEnzyme set off with: a +2 scale mail, a potion of curing, 10 poisoned needles, a +0 blowgun, a ration
     0 | D:1      | Reached XP level 1. HP: 17/17 MP: 1/1
   230 | D:1      | Reached XP level 2. HP: 23/23 MP: 2/2
   449 | D:1      | Reached XP level 3. HP: 26/28 MP: 3/3
   749 | D:2      | Reached skill level 1 in Long Blades
   749 | D:2      | Reached skill level 1 in Axes
   749 | D:2      | Reached skill level 1 in Maces & Flails
   749 | D:2      | Reached skill level 1 in Polearms
   749 | D:2      | Reached skill level 1 in Staves
   749 | D:2      | Reached skill level 1 in Slings
   749 | D:2      | Reached skill level 1 in Bows
   749 | D:2      | Reached skill level 1 in Dodging
   749 | D:2      | Reached skill level 1 in Unarmed Combat
   749 | D:2      | Reached skill level 1 in Spellcasting
   749 | D:2      | Reached skill level 1 in Invocations
   749 | D:2      | Reached skill level 1 in Evocations
   749 | D:2      | Reached XP level 4. HP: 30/34 MP: 5/5
   929 | D:2      | Reached skill level 1 in Conjurations
   929 | D:2      | Reached skill level 1 in Hexes
   929 | D:2      | Reached skill level 1 in Charms
   929 | D:2      | Reached skill level 1 in Summonings
   929 | D:2      | Reached skill level 1 in Necromancy
   929 | D:2      | Reached skill level 1 in Translocations
   929 | D:2      | Reached skill level 1 in Transmutations
   929 | D:2      | Reached skill level 1 in Fire Magic
   929 | D:2      | Reached skill level 1 in Ice Magic
   929 | D:2      | Reached skill level 1 in Air Magic
   929 | D:2      | Reached skill level 1 in Earth Magic
   929 | D:2      | Reached skill level 1 in Poison Magic
  1245 | D:2      | Reached XP level 5. HP: 40/40 MP: 5/7
  1322 | D:2      | Found a runed door.
  1326 | D:2      | Noticed Crazy Yiuf
  1342 | D:2      | Killed Crazy Yiuf
  2108 | D:3      | Killed from afar by an orc priest

Vault maps used:
D:1:      onia_arrival_larder
D:2:      first_ration, minmay_domino_4, uniq_crazy_yiuf_cottage

Skill      XL: |  1  2  3  4  5 |
---------------+----------------+-----
Long Blades    | 1 |  1.6
Axes           | 1 |  1.6
Maces & Flails | 1 |  1.6
Polearms       | 1 |  1.6
Staves         | 1 |  1.6
Slings         | 1 |  1.6
Bows           | 1 |  1.6
Dodging        | 1 |  1.6
Unarmed Combat | 1 |  1.6
Spellcasting   | 1 |  1.6
Invocations    | 1 |  1.9
Evocations     | 1 |  1.6
Conjurations   | 1 |  1.3
Hexes          | 1 |  1.3
Charms         | 1 |  1.3
Summonings     | 1 |  1.3
Necromancy     | 1 |  1.3
Translocations | 1 |  1.3
Transmutations | 1 |  1.3
Fire Magic     | 1 |  1.3
Ice Magic      | 1 |  1.3
Air Magic      | 1 |  1.3
Earth Magic    | 1 |  1.3
Poison Magic   | 1 |  1.3
Fighting       | 3 |  3.1
Crossbows      | 3 |  3.1
Throwing       | 3 |  3.1
Shields        | 3 |  3.1
Short Blades   | |  6.7
Armour         | |  4.8
Stealth        | |  2.9

Action                   |  1- 3 |  4- 6 || total
-------------------------+-------+-------++-------
Melee: Short sword       |    89 |   141 ||   230
       Bite              |     6 |    19 ||    25
       Punch             |       |     1 ||     1
 Fire: Blowgun           |    32 |     6 ||    38
  Use: Scroll            |       |     4 ||     4
  Eat: Chunk             |       |     2 ||     2
       Ration            |       |     1 ||     1
Armor: Scale mail        |    41 |    30 ||    71
Dodge: Dodged            |    38 |    38 ||    76

Table legend:
 A = Spawn XP
 B = Non-spawn XP
 C = Spawn XP percentage of total XP
 D = Spawn monster count
 E = Non-spawn monster count
 F = Spawn count percentage of total count
 G = Total turns spent on level
                    A         B        C        D         E        F      G
               +---------+---------+-------+---------+---------+-------+---------
         Total |       0 |     313 |   0.0 |       0 |      60 |   0.0 |  2108
               +---------+---------+-------+---------+---------+-------+---------
           D:1 |       0 |      52 |   0.0 |       0 |      33 |   0.0 |   716
           D:2 |       0 |     209 |   0.0 |       0 |      23 |   0.0 |  1378
           D:3 |       0 |      52 |   0.0 |       0 |       4 |   0.0 |    14
               +---------+---------+-------+---------+---------+-------+---------
